 Dungeon Crawl Stone Soup version 0.24-a0-284-g9fb9971 (webtiles) character file.

Game seed: 8301710156193531951

23 mhoghedin the Insei (level 2, 2/24 HPs)
             Began as a Demigod Transmuter on May 4, 2019.
             Quit the game on level 2 of the Dungeon.
             The game lasted 00:01:38 (1271 turns).

mhoghedin the Insei (Demigod Transmuter)            Turns: 1271, Time: 00:01:39

Health: 2/24       AC:  2    Str: 13    XL:     2   Next: 54%
Magic:  5/7        EV: 12    Int: 17    God:
Gold:   61         SH:  0    Dex: 16    Spells: 3/4 levels left

rFire    . . .     SeeInvis .     - Unarmed
rCold    . . .     Gourm    .   (no shield)
rNeg     . . .     Faith    .   b - +0 robe
rPois    .         Spirit   .   (no helmet)
rElec    .         Reflect  .   (no cloak)
rCorr    .         Harm     .   (no gloves)
MR       .....                  (no boots)
Stlth    +.........             (no amulet)
HPRegen  0.08/turn              (no ring)
MPRegen  0.10/turn              (no ring)

@: appendage (expiring), very slightly contaminated, lightly drained
A: horns 2, high mp 1
a: End Transformation


You were on level 2 of the Dungeon.
You were not hungry.
You had grown temporary horns.
You visited 1 branch of the dungeon, and saw 2 of its levels.

You collected 61 gold pieces.

Inventory:

Hand Weapons
 g - a +0 dagger
   (You found it on level 1 of the Dungeon)
 h - a +0 mace
   (You found it on level 1 of the Dungeon)
Missiles
 a - 12 arrows
Armour
 b - a +0 robe (worn)
Scrolls
 e - a scroll of teleportation {unknown}
 k - a scroll of remove curse {unknown}
Potions
 f - a potion of ambrosia {unknown}
 i - a potion of heal wounds {unknown}
Comestibles
 d - 6 rations


   Skills:
 - Level 1.8(1.3) Fighting
 - Level 1.7(1.3) Dodging
 + Level 3.2(2.7) Unarmed Combat
 - Level 1.7(1.3) Spellcasting
 + Level 1.8(1.3) Transmutations


You had 3 spell levels left.
You knew the following spells:

 Your Spells              Type           Power        Failure   Level  Hunger
a - Beastly Appendage     Tmut           #.....       12%         1    ##.....

Your spell library contained the following spells:

 Spells                   Type           Power        Failure   Level  Hunger
 Sticks to Snakes         Tmut           #.......     19%         2    ###....
 Spider Form              Tmut/Pois      #.........   43%         3    ####...
 Ice Form                 Ice/Tmut       #.......     85%         4    #####..
 Blade Hands              Tmut           #.........   97%         5    ######.


Dungeon Overview and Level Annotations

Branches:
Dungeon (2/15)


Innate Abilities, Weirdness & Mutations

You have an increased reservoir of magic. (+10% MP)
You have a pair of horns on your head.


Message History

The goblin shoots a stone.
The stone hits you.
You see here a stone.
The goblin shoots a stone.
The stone closely misses you.
The goblin shoots a stone.
The stone barely misses you.
The goblin shoots a stone.
The stone hits you.
You see here a stone.
The goblin unwields a +0 hunting sling.
The goblin wields a +0 dagger.
The goblin barely misses you.
You hit the goblin. You punch the goblin. The goblin barely misses you.
You closely miss the goblin. The goblin hits you but does no damage.
You hit the goblin but do no damage. The goblin hits you with a +0 dagger.
The goblin hits you but does no damage.
You are too injured to fight recklessly!
You are too injured to fight recklessly!
You are too injured to fight recklessly!
You are too injured to fight recklessly!
You are too injured to fight recklessly!
You are too injured to fight recklessly!
You are too injured to fight recklessly!
You are too injured to fight recklessly!
You are too injured to fight recklessly!
You are too injured to fight recklessly!
You are too injured to fight recklessly!
You are too injured to fight recklessly!
You are too injured to fight recklessly!
You are too injured to fight recklessly!
You are too injured to fight recklessly!
You are too injured to fight recklessly!
You take 11 damage, and have 12/24 hp.
MASSIVE DAMAGE!!
You barely miss the goblin. The goblin closely misses you.
You hit the goblin.
You kill the goblin!
A goblin comes into view. It is wielding a +0 dagger of draining.
The goblin shouts!
The goblin throws a stone.
The stone hits you.
Items here: ( )) † a +0 dagger; a +0 hunting sling; 16 stones; a goblin corpse You take 3 damage, and have 9/24 hp.
You butcher the goblin corpse.
The goblin throws a stone.
The stone barely misses you.
Items here: % ( )) ÷ a +0 dagger; a +0 hunting sling; 17 stones; 3 chunks of flesh {@w0} a goblin skeleton The goblin throws a stone.
The stone hits you.
You see here a stone.
You take 1 damage, and have 8/24 hp.
The goblin throws a stone.
The stone misses you.
You see here a stone.
The goblin throws a stone.
The stone closely misses you.
You see here a stone.
The goblin throws a stone.
The stone hits you.
You see here a stone.
You take 1 damage, and have 8/24 hp.
You are now empty-handed.
Unknown command.
Sorry, you're not good enough to have a special ability.
Unknown command.
Unknown command.
Unknown command.
Sorry, you're not good enough to have a special ability.
Sorry, you're not good enough to have a special ability.
Sorry, you're not good enough to have a special ability.
Okay, then.
Unknown command.
Unknown command.
You don't know that spell.
You don't know that spell.
Sorry, you're not good enough to have a special ability.
The floor.
The floor.
Unknown command.
Unknown command.
You miscast Beastly Appendage.
You are very lightly contaminated with residual magic.
You smell something strange.
The goblin hits you with a +0 dagger of draining.
* * * LOW HITPOINT WARNING * * *
You feel drained.
* * * LOW HITPOINT WARNING * * *
You take 6 damage, and have 3/24 hp.
MASSIVE DAMAGE!!
You now have 6/7 mp.
You grow a pair of large bovine horns.
The goblin closely misses you.
You now have 5/7 mp.
You hit the goblin. Your headbutt misses the goblin.
The goblin hits you with a +0 dagger of draining.
* * * LOW HITPOINT WARNING * * *
You feel drained.
You take 1 damage, and have 2/24 hp.
Unknown command.
You hit the goblin.
You kill the goblin!
You now have 61 gold pieces (gained 16).
Things that are here:
a +0 dagger of draining; 18 stones; a goblin corpse Your transformation is almost over.
Okay, then.
Unknown command.
Unknown command.

.......# ##### ###
...(...###.... ...
...(.......##.##.##
...()(.....#......
........(..#..##.#
..........)#..##.#
..........(#..##.#
.........((...##.#
...........#.###@#
..........((.....#
..........##.#####
..........##.#
....... #.# .......
#.# ....... #.#
....... ..# .......
..#


There were no monsters in sight!

Vanquished Creatures
  An adder (D:2)
  3 bats
  A giant cockroach (D:1)
  3 goblins (D:2)
  3 hobgoblins
  A frilled lizard (D:1)
  A rat (D:1)
13 creatures vanquished.

Notes
Turn   | Place    | Note
-------+----------+-------------------------------------------
     0 | D:1      | mhoghedin the Demigod Transmuter began the quest for the
                  | Orb.
     0 | D:1      | Reached XP level 1. HP: 15/15 MP: 5/5
     2 | D:1      | Noticed a demonspawn
     2 | D:1      | Noticed a tengu
     4 | D:1      | Noticed a spriggan
     4 | D:1      | Noticed a draconian
     6 | D:1      | Noticed a naga
     6 | D:1      | Noticed a minotaur
     8 | D:1      | Noticed a centaur
    10 | D:1      | Noticed a vine stalker
    10 | D:1      | Noticed a human
    12 | D:1      | Noticed a vampire
    12 | D:1      | Noticed an elf
    14 | D:1      | Noticed a formicid
    14 | D:1      | Noticed an octopode
    16 | D:1      | Noticed a gargoyle
    16 | D:1      | Noticed a ghoul
    18 | D:1      | Noticed an ogre
    20 | D:1      | Noticed a halfling
    22 | D:1      | Noticed a troll
    24 | D:1      | Noticed a merfolk
    24 | D:1      | Noticed a demigod
    26 | D:1      | Noticed a dwarf
    26 | D:1      | Noticed a felid
    59 | D:1      | Reached skill level 1 in Fighting
   664 | D:1      | Reached skill level 3 in Unarmed Combat
   976 | D:2      | HP: 4/16 [adder (4)]
   977 | D:2      | HP: 1/16 [adder (2)]
   982 | D:2      | Reached XP level 2. HP: 8/24 MP: 7/7
   987 | D:2      | HP: 6/24 [poisoned by an adder]
   995 | D:2      | HP: 5/24 [poisoned by an adder]
  1265 | D:2      | HP: 4/24 [goblin/+0 dagger of draining (5)]
  1271 | D:2      | Quit the game

Levels and vault maps discovered:
D:1:      kb_arrival_jail, layout_basic
D:2:      layout_basic, vehumet_crystals, grunt_ministairs_12,
          wad_floor_pattern_2, st_stairs_7

Skill      XL: |  1 |
---------------+----+-----
Fighting       | 1 |  1.8
Unarmed Combat | 3 |  3.2
Dodging        | |  1.7
Spellcasting   | |  1.7
Transmutations | |  1.8

Action                   || total
-------------------------++-------
Melee: Mace              ||    34
       Unarmed           ||    11
       Punch             ||     2
 Cast: Beastly Appendage ||     1
  Use: Potion            ||     2
 Stab: Sleeping          ||     1
  Eat: Chunk             ||     1
Armor: Robe              ||    11
Dodge: Dodged            ||    44

Table legend:
 A = Non-vault XP
 B = Vault XP
 C = Vault XP percentage of total XP
 D = Non-vault monster count
 E = Vault monster count
 F = Vault count percentage of total count
                 A         B        C        D         E       F
            +---------+---------+-------+---------+---------+-------
      Total |      30 |       3 |   9.1 |      11 |       2 |  15.4
            +---------+---------+-------+---------+---------+-------
        D:1 |      11 |       0 |   0.0 |       7 |       0 |   0.0
        D:2 |      19 |       3 |  13.6 |       4 |       2 |  33.3
            +---------+---------+-------+---------+---------+-------

Levels and vault maps discovered:
D:1:      kb_arrival_jail, layout_basic
D:2:      layout_basic, vehumet_crystals, grunt_ministairs_12,
          wad_floor_pattern_2, st_stairs_7

Table legend:
 A = Turns spent in this place as a percentage of turns spent in the entire game.
 B = Non-inter-level travel turns spent in this place as a percentage of non-inter-level travel turns spent in the entire game.
 C = Inter-level travel turns spent in this place as a percentage of turns spent in this place.
 D = Turns resting spent in this place as a percentage of non-inter-level travel turns spent in this place.
 E = Turns spent auto-exploring this place as a percentage of non-inter-level travel turns spent in this place.
 F = Non-inter-level travel turns spent in this place divided by the number of levels of this place that you've seen.
                   A       B       C       D       E      F
               +-------+-------+-------+-------+-------+----------------------
         Total | 100.0 | 100.0 |   3.5 |  35.8 |  54.4 | 613.5
       Dungeon | 100.0 | 100.0 |   3.5 |  35.8 |  54.4 | 613.5
               +-------+-------+-------+-------+-------+----------------------

Table legend:
 A = Kills in this place as a percentage of kills in entire the game.
 B = Kills by you in this place as a percentage of kills by you in the entire game.
 C = Kills by friends in this place as a percentage of kills by friends in the entire game.
 D = Other kills in this place as a percentage of other kills in the entire game.
 E = Experience gained in this place as a percentage of experience gained in the entire game.
 F = Experience gained in this place divided by the number of levels of this place that you have seen.
                   A       B       C       D       E      F
               +-------+-------+-------+-------+-------+----------------------
         Total | 100.0 | 100.0 |   N/A |   N/A | 100.0 |  16.5
       Dungeon | 100.0 | 100.0 |   N/A |   N/A | 100.0 |  16.5
               +-------+-------+-------+-------+-------+----------------------
